AoeStats
← XMaster4000

Arena

504368892Analyzed
3v3 RM · 26d ago on Sep 5, 2026· 69m 8s· 6 players
Game mode
Random Map
Map size
Normal (6 player)
Population
200
Speed
Normal
Resources
Standard
Victory
Conquest
Starting age
Dark Age
Ending age
Imperial Age
RankedLock teamsTeams togetherTeam positionsShared explorationLock speedFull tech treeHidden civsTurbo modeCheats
Victory
Defeat
🇺🇸 Khmer · United States
805
+15
🇨🇴 Franks · Colombia
804
+15
🇨🇦 Romans · Canada
728
+18
🇺🇸 Franks · United States
841
-29
🇩🇪 Burgundians · Germany
766
-15
🇺🇸 Gurjaras · United States
747
-15
Oven-Loaf
12:29 Feudal Age
14:02 Double-Bit Axe
19:22 Gold Mining
23:55 Castle Age
22:59 Stone Mining
24:21 Wheelbarrow
28:02 Bow Saw
29:13 Gold Shaft Mining
29:31 Scale Mail Armor
29:46 Forging
32:37 Iron Casting
39:24 Chain Mail Armor
39:13 Fletching
54:29 Imperial Age
frizzlemadizzle
10:31 Feudal Age
8:48 Loom
9:29 Horse Collar
9:37 Double-Bit Axe
20:06 Castle Age
18:48 Town Watch
18:50 Loom
18:57 Town Watch
19:48 Wheelbarrow
20:11 Scale Barding Armor
20:17 Forging
21:38 Cavalier
21:44 Pikeman
22:26 Squires
29:22 Gold Mining
30:22 Husbandry
32:02 Murder Holes
41:07 Iron Casting
41:41 Fletching
42:52 Ballistics
50:17 Light Cavalry
Hannibal
0:41 Loom
10:34 Feudal Age
15:27 Horse Collar
19:32 Castle Age
20:24 Husbandry
20:36 Bloodlines
20:57 Gold Mining
26:08 Man-at-Arms
27:54 Wheelbarrow
28:07 Town Watch
28:15 Fletching
33:18 Imperial Age
33:55 Kshatriyas
34:02 Double-Bit Axe
34:30 Masonry
34:48 Bodkin Arrow
35:21 Heavy Camel Rider
36:26 Forging
36:15 Light Cavalry
40:05 Hand Cart
40:50 Hussar
42:52 Chemistry
42:12 Ballistics
42:47 Heavy Plow
43:59 Scale Barding Armor
44:30 Iron Casting
44:51 Hoardings
47:42 Bracer
48:26 Siege Elephant
48:47 Elite Skirmisher
50:47 Crop Rotation
50:40 Chain Barding Armor
60:53 Long Swordsman
62:16 Onager
Your Maker
11:58 Feudal Age
16:53 Castle Age
15:06 Double-Bit Axe
15:26 Horse Collar
16:15 Gold Mining
19:11 Loom
21:30 Wheelbarrow
23:49 Scale Barding Armor
29:53 Heavy Plow
30:10 Bow Saw
34:44 Bloodlines
34:34 Husbandry
34:48 Forging
34:59 Chain Barding Armor
39:05 Fortified Wall
39:06 Masonry
39:46 Gold Shaft Mining
39:02 Stone Mining
40:53 Iron Casting
47:08 Imperial Age
45:42 Fletching
45:52 Padded Archer Armor
46:15 Ballistics
45:51 Murder Holes
48:20 Conscription
47:40 Cavalier
49:50 Blast Furnace
50:20 Chemistry
51:09 Tusk Swords
51:09 Double Crossbow
52:12 Bodkin Arrow
52:33 Leather Archer Armor
52:54 Plate Barding Armor
52:40 Double Crossbow
52:01 Elite Ballista Elephant
54:41 Bracer
55:12 Ring Archer Armor
XMaster4000
12:38 Feudal Age
11:29 Loom
17:46 Castle Age
18:30 Pikeman
19:27 Man-at-Arms
22:24 Long Swordsman
24:03 Crossbowman
31:21 Fortified Wall
31:22 Masonry
34:00 Double-Bit Axe
38:57 Imperial Age
44:54 Hoardings
44:41 Conscription
44:31 Husbandry
53:39 Onager
60:19 Forging
60:09 Scale Mail Armor
60:19 Forging
60:14 Scale Barding Armor
60:00 Fletching
60:10 Padded Archer Armor
60:45 Architecture
61:36 Cavalier
66:13 Chain Barding Armor
66:29 Iron Casting
67:41 Cavalier
68:38 Light Cavalry
MapleMan
1:38 Loom
12:17 Feudal Age
13:16 Town Watch
17:02 Man-at-Arms
19:54 Castle Age
20:24 Forging
21:16 Long Swordsman
21:58 Squires
22:27 Scale Mail Armor
24:20 Iron Casting
25:16 Pikeman
26:56 Chain Mail Armor
30:05 Gold Mining
30:06 Stone Mining
38:20 Ballistas
39:13 Fletching
39:36 Scale Barding Armor
47:41 Imperial Age
50:05 Legionary
51:39 Halberdier
60:18 Heavy Scorpion
60:21 Capped Ram
66:50 Elite Centurion
Connection lost

Rejoining the realm…

Still unreachable

The connection could not be restored.

Session expired

The server has moved on; the page needs a fresh start.